 Dungeon Crawl Stone Soup version 0.28-a0-108-g844de0d849 (webtiles) character file.

Game seed: 9674542520531202844

186 Nattfarinn the Magician (level 5, -1/40 HPs)
             Began as a Djinni Venom Mage on Aug 10, 2021.
             Killed from afar by Sigmund (8 damage)
             ... with a magic dart
             ... on level 2 of the Dungeon on Aug 12, 2021.
             The game lasted 00:05:56 (3727 turns).

Nattfarinn the Magician (Djinni Venom Mage)         Turns: 3727, Time: 00:05:56

Health: -1/40      AC:  3    Str:  7    XL:     5   Next: 97%
Gold:   40         EV: 12    Int: 18    God:
                   SH:  0    Dex: 13

rFire   + + .      SeeInvis .   f - +0 glaive
rCold   x . .      Faith    .   (shield currently unavailable)
rNeg    . . .      Spirit   .   a - +0 robe
rPois   ∞          Reflect  .   (no helmet)
rElec   .          Harm     .   (no cloak)
rCorr   .          Rampage  .   b - +0 pair of gloves
Will    .....                   (boots unavailable)
Stlth   ++........              (no amulet)
HPRegen 0.13/turn               (no ring)
MPRegen 0.00/turn               (no ring)

@: flying
A: sickness immunity, fire resistance 2, cold vulnerability 1, float, innate
caster, hp casting, extra vitality 1
a: no special abilities


You were on level 2 of the Dungeon.
You visited 1 branch of the dungeon, and saw 2 of its levels.

You collected 40 gold pieces.

Inventory:

Hand Weapons
 f - a +0 glaive (weapon)
Missiles
 g - a throwing net
Armour
 a - a +0 robe (worn)
 b - a +0 pair of gloves (worn)
Scrolls
 d - a scroll of magic mapping {unknown}
 h - a scroll of identify {unknown}
 i - a scroll of vulnerability {unknown}
Potions
 c - a potion of brilliance {unknown}


   Skills:
 * Level 3.0 Fighting
 - Level 3.0 Dodging
 - Level 2.3 Stealth
 + Level 3.3 Spellcasting


You couldn't memorise any spells.
You knew the following spells:

 Your Spells              Type           Power      Damage    Failure   Level
a - Sting                 Tmut/Pois      60%        1d6       4%          1
b - Poisonous Vapours     Pois/Air       30%        N/A       6%          2
c - Mephitic Cloud        Conj/Pois/Air  15%        N/A       12%         3
d - Olgreb's Toxic Radia  Pois           15%        N/A       36%         4
e - Corona                Hex            16%        N/A       4%          1
f - Wereblood             Tmut           15%        N/A       6%          2
Your spell library was empty.

Dungeon Overview and Level Annotations

Branches:
Dungeon (2/15)

Altars:

Annotations:
D:2 Sigmund


Innate Abilities, Weirdness & Mutations

You are immune to sickness and miasma.
You are immune to poison.
Your flesh is very heat resistant. (rF++)
You are vulnerable to cold. (rC-)
You float through the air rather than walking.
You learn spells naturally, not from books.
Your magical power is your life essence.
You have superior vitality. (+4 HP)


Message History

Sigmund looks even sicker.
Sigmund points at you and mumbles some strange words.
The puff of flame misses you.
Unknown command.
Unknown command.
Casting: Olgreb's Toxic Radiance (extremely dangerous; 36% risk of failure)
Confirm with . or Enter, or press ? or * to list all spells.
Aiming: Poisonous Vapours (safe; 6% risk of failure)
Press: ? - help, Dir - move target, f - Sigmund
Aim: Sigmund, wielding a +0 scythe and wearing a +0 robe (lightly wounded, very poisoned) Poisonous vapours surround Sigmund!
Sigmund looks even sicker.
Your toxic aura wanes.
Sigmund hits you from afar with a +0 scythe!
Casting: Poisonous Vapours (safe; 6% risk of failure)
Confirm with . or Enter, or press ? or * to list all spells.
Aiming: Poisonous Vapours (safe; 6% risk of failure)
Press: ? - help, Dir - move target, f/p - Sigmund
Aim: Sigmund, wielding a +0 scythe and wearing a +0 robe (lightly wounded, very poisoned) Poisonous vapours surround Sigmund!
Sigmund looks as sick as possible!
Sigmund hits you from afar with a +0 scythe!
* * * LOW HITPOINT WARNING * * *
Casting: Poisonous Vapours (safe; 6% risk of failure)
Confirm with . or Enter, or press ? or * to list all spells.
Aiming: Sting (safe; 4% risk of failure)
Press: ? - help, Shift-Dir - straight line, f/p - Sigmund
Aim: Sigmund, wielding a +0 scythe and wearing a +0 robe (severely wounded, very poisoned, 71% to hit)
The sting hits Sigmund.
Sigmund looks as sick as possible!
Sigmund is severely wounded.
* * * LOW HITPOINT WARNING * * *
Sigmund closely misses you.
Casting: Sting (safe; 4% risk of failure)
Confirm with . or Enter, or press ? or * to list all spells.
Aiming: Sting (safe; 4% risk of failure)
Press: ? - help, Shift-Dir - straight line, f/p - Sigmund
Aim: Sigmund, wielding a +0 scythe and wearing a +0 robe (almost dead, extremely poisoned, 71% to hit)
The sting misses Sigmund.
* * * LOW HITPOINT WARNING * * *
Sigmund gestures at you while chanting. The magic dart hits you!
You die...

###................#.#
#.####.#...#####.#.#
###.####.#...# #.#
.........#...# #.#
###............ #<#
...........#.#######.##
############.# #.@....#
...... ... #.######
...... #@# ###### #.#
#.# #.#
################.##
..........))......#
###################


You could see Sigmund (extremely poisoned).

Vanquished Creatures
  Natasha (thrice) (D:2)
  4 gnolls (D:2)
  An adder (D:2)
  5 ball pythons (D:1)
  5 endoplasms
  6 giant cockroaches (D:1)
  4 goblins
  3 hobgoblins (D:1)
  18 jackals
  A bat (D:2)
  5 frilled lizards
  4 kobolds
  4 rats
63 creatures vanquished.

Notes
Turn   | Place    | Note
-------+----------+-------------------------------------------
     0 | D:1      | Nattfarinn the Djinni Venom Mage began the quest for the
                  | Orb.
     0 | D:1      | Reached XP level 1. HP: 15/15 MP: 0/0
     0 | D:1      | Upgraded the game from 0.28-a0-100-g47d82705ae to
                  | 0.28-a0-105-g49a0850c41
     0 | D:1      | Upgraded the game from 0.28-a0-105-g49a0850c41 to
                  | 0.28-a0-108-g844de0d849
   307 | D:1      | Reached XP level 2. HP: 20/21 MP: 0/0
   913 | D:1      | Found a faded altar of an unknown god.
   987 | D:1      | Reached XP level 3. HP: 17/25 MP: 0/0
   987 | D:1      | Learned a level 1 spell: Corona
  2206 | D:2      | Reached XP level 4. HP: 28/31 MP: 0/0
  2225 | D:2      | Reached skill level 1 in Fighting
  2450 | D:2      | Noticed Natasha
  2458 | D:2      | Killed Natasha
  2459 | D:2      | Reached XP level 5. HP: 17/38 MP: 0/0
  2459 | D:2      | Learned a level 2 spell: Wereblood
  2757 | D:2      | Noticed Natasha
  2767 | D:2      | Killed Natasha
  2791 | D:2      | Noticed Natasha
  2806 | D:2      | Killed Natasha
  3605 | D:2      | Noticed Sigmund
  3727 | D:2      | Killed from afar by Sigmund

Illustrated notes

Levels and vault maps discovered:
D:1:      psy_arrival_radial01, layout_loops_cross,
          ebering_ecumenical_altar_abandoned, minivault_25, st_stairs_8
D:2:      layout_basic, uniq_sigmund, uniq_natasha, uniq_jessica

Skill      XL: |  1  2  3  4  5 |
---------------+----------------+-----
Stealth        | 2 |  2.3
Dodging        | 3 |  3.0
Fighting       | 2 3 |  3.0
Spellcasting   | 3 |  3.3

Action                   |  1- 3 |  4- 6 || total
-------------------------+-------+-------++-------
Melee: Unarmed           |     4 |       ||     4
       Glaive            |     5 |     7 ||    12
 Cast: Sting             |    90 |    56 ||   146
       Olgreb's Toxic Ra |       |     3 ||     3
       Poisonous Vapours |       |     4 ||     4
  Use: Potion            |       |     2 ||     2
Armor: Robe              |    13 |     9 ||    22
       Skin              |       |    15 ||    15
Dodge: Dodged            |    49 |    31 ||    80

Table legend: (Time is in decaauts)
 A = Elapsed time spent in this place.
 B = Non-inter-level travel time spent in this place.
 C = Inter-level travel time spent in this place.
 D = Time resting spent in this place.
 E = Time spent auto-exploring this place.
 F = Levels seen in this place.
 G = Mean time per level.
                   A        B        C        D        E       F      G
               +--------+--------+--------+--------+--------+-----+--------+
         Total |   3752 |   3714 |     38 |    727 |   2588 |   2 | 1876.0 |
       Dungeon |   3752 |   3714 |     38 |    727 |   2588 |   2 | 1876.0 |
               +--------+--------+--------+--------+--------+-----+--------+

Top non-repeatable levels by time:
     D:1: 2219 daAuts
     D:2: 1532 daAuts
